cohdb
Replays
Latest Replays
All Replays
Popular Replays
Top Player Replays
Match Explorer
How It Works
Community
CoH3 Stats
Reddit
Sign in to upload your games and track your stats! →
Sign in with Steam
Match 41876964
Unlisted
Match 41876964
Overview
Messages
Build Orders
End
Selects Italian Combined Arms Battlegroup
Selects Italian Combined Arms Battlegroup
Selects Bersaglieri Squad
Bersaglieri Squad
Bersaglieri Squad
Construct Light Support Kompanie
Bersaglieri Squad
Fire Support Elements
Panzerjäger Squad
Panzerjäger Squad
Selects Semovente da 75/18 Assault Gun
Semovente da 75/18 Assault Gun
Panzerpioneer Squad
Selects Carro Armato M13/40 Light Tank
Semovente da 75/18 Assault Gun
Carro Armato M13/40 Light Tank
Tungsten Core Ammunition
Vehicle Survival Package
Selects Bersaglieri Bolster
Selects Artillery Cover
Selects Bersaglieri Bolster
Artillery Cover
Construct Panzerarmee Kommand
Noitatohtori
Feiners
iudex_et_carnifex
Heckenschwein
Dawes
Achilles
skibon
Yami
0
0
Comments
sign in to comment!
No comments posted yet!